 Dungeon Crawl Stone Soup version 0.24-a0-194-g9bee6eb (webtiles) character file.

Game seed: 10614015660796294900

15 Lanoc the Chopper (level 2, -3/25 HPs)
             Began as a Draconian Gladiator on Mar 18, 2019.
             Slain by a scorpion (7 damage)
             ... on level 3 of the Dungeon.
             The game lasted 00:00:36 (360 turns).

Lanoc the Chopper (Draconian Gladiator)              Turns: 360, Time: 00:00:37

Health: -3/25      AC:  4    Str: 16    XL:     2   Next: 34%
Magic:  2/2        EV: 13    Int:  8    God:
Gold:   56         SH:  0    Dex: 12    Spells: 1/1 levels left

rFire    . . .     SeeInvis .   a - +0 war axe
rCold    . . .     Gourm    .   (no shield)
rNeg     . . .     Faith    .   (armour unavailable)
rPois    .         Spirit   .   b - +0 hat
rElec    .         Reflect  .   (no cloak)
rCorr    .         Harm     .   (no gloves)
MR       .....                  (no boots)
Stlth    +.........             (no amulet)
HPRegen  0.08/turn              (no ring)
MPRegen  0.08/turn              (no ring)

@: no status effects
A: unfitting armour, cold-blooded, AC +4
a: no special abilities


You were on level 3 of the Dungeon.
You were not hungry.

You visited 1 branch of the dungeon, and saw 3 of its levels.

You collected 56 gold pieces.

Inventory:

Hand Weapons
 a - a +0 war axe (weapon)
Missiles
 c - 3 throwing nets (quivered)
Armour
 b - a +0 hat (worn)
Scrolls
 e - a scroll of teleportation {unknown}
Potions
 f - a potion of curing {unknown}
 h - a potion of ambrosia {unknown}
Comestibles
 d - 3 rations
 g - a chunk of flesh


   Skills:
 + Level 2.5 Fighting
 * Level 3.4 Axes
 - Level 1.7 Throwing
 + Level 2.9 Dodging


You had one spell level left.
You didn't know any spells.
Your spell library was empty.

Dungeon Overview and Level Annotations

Branches:
Dungeon (3/15)

Altars:


Innate Abilities, Weirdness & Mutations

Your plain brown scales are hard. (AC +4)
You cannot fit into any form of body armour.
You are cold-blooded and may be slowed by cold attacks.


Message History

The hobgoblin is heavily wounded.
You hit the scorpion.
The scorpion stings you but does no damage.
The hobgoblin hits you with a +0 club.
Unknown command.
You hit the hobgoblin.
You kill the hobgoblin!
You hit the scorpion. The scorpion closely misses you. The scorpion stings you.
You are too injured to fight recklessly!
You hit the scorpion.
The scorpion is almost dead.
The scorpion closely misses you.
You completely miss the scorpion.
Your tail-slap misses the scorpion.
The scorpion is almost dead.
The scorpion stings you.
* * * LOW HITPOINT WARNING * * *
You closely miss the scorpion.
The scorpion is almost dead.
The scorpion barely misses you. The scorpion stings you!
You die...

######..............
####...............###.
##......#.#.........#
##
#.........#.........#
............#########
.>.........##
...?.......#
..........#####
...$...@.......
#.....)s.######
..........# ...>......#
..........# ..........#
....?.....# #........##


You could see a scorpion.

Vanquished Creatures
  A worm (D:3)
  An orc (D:3)
  A giant cockroach (D:2)
  3 hobgoblins
  A quokka (D:2)
  A bat (D:3)
  A frilled lizard (D:3)
  2 goblins (D:3)
11 creatures vanquished.

Notes
Turn   | Place    | Note
-------+----------+-------------------------------------------
     0 | D:1      | Lanoc the Draconian Gladiator began the quest for the Orb.
     0 | D:1      | Reached XP level 1. HP: 17/17 MP: 1/1
   162 | D:3      | Reached XP level 2. HP: 14/25 MP: 2/2
   348 | D:3      | Noticed a scorpion
   360 | D:3      | Slain by a scorpion

Levels and vault maps discovered:
D:1:      lemuel_arrival_muddy, layout_rooms
D:2:      layout_basic, first_ration, hangedman_decor_diamond_cutter
D:3:      layout_rooms, ebering_ghost_inner_flame, lemuel_blue_sif_altar

Action                   || total
-------------------------++-------
Melee: War axe           ||    26
       Tailslap          ||     1
 Stab: Sleeping          ||     1
Armor: Skin              ||     3
Dodge: Dodged            ||    20

Table legend:
 A = Non-vault XP
 B = Vault XP
 C = Vault XP percentage of total XP
 D = Non-vault monster count
 E = Vault monster count
 F = Vault count percentage of total count
                 A         B        C        D         E       F
            +---------+---------+-------+---------+---------+-------
      Total |      22 |       0 |   0.0 |      11 |       0 |   0.0
            +---------+---------+-------+---------+---------+-------
        D:1 |       2 |       0 |   0.0 |       1 |       0 |   0.0
        D:2 |       4 |       0 |   0.0 |       2 |       0 |   0.0
        D:3 |      16 |       0 |   0.0 |       8 |       0 |   0.0
            +---------+---------+-------+---------+---------+-------
